 Dungeon Crawl Stone Soup version 0.19-a0-1260-gc94d3f7 (webtiles) character file.

240 Amnesiac the Conjurer (level 5, -2/28 HPs)
             Began as a Deep Elf Wizard on Aug 28, 2016.
             Slain by Edmund
             ... wielding a +4 flail of protection
              (5 damage)
             ... on level 4 of the Dungeon.
             The game lasted 00:06:30 (2133 turns).

Amnesiac the Conjurer (Deep Elf Wizard)             Turns: 2133, Time: 00:06:31

Health: -2/28      AC:  3    Str:  4    XL:     5   Next: 80%
Magic:  4/14       EV: 13    Int: 24    God:
Gold:   96         SH:  0    Dex: 13    Spells: 5 memorised, 3 levels left

rFire  . . .     SeeInvis .     (no weapon)
rCold  . . .     Gourm    .     a - +0 robe
rNeg   . . .     Faith    .     (no shield)
rPois  .         Spirit   .     k - +0 helmet
rElec  .         Dismiss  .     (no cloak)
rCorr  .         Reflect  .     (no gloves)
MR     .....     Harm     .     (no boots)
Stlth  ++........               f - amulet of regeneration
                                (no ring)
                                (no ring)

@: no status effects
A: no striking features
a: no special abilities


You were on level 4 of the Dungeon.
You were not hungry.

You visited 1 branch of the dungeon, and saw 4 of its levels.

You collected 96 gold pieces.

Inventory:

Armour
 a - a +0 robe (worn)
 k - a +0 helmet (worn)
 n - a +0 buckler
Jewellery
 f - an amulet of regeneration (around neck)
Scrolls
 j - a scroll of remove curse {unknown}
 m - a scroll of enchant armour {unknown}
 p - a scroll of magic mapping {unknown}
 q - a scroll of amnesia {unknown}
Potions
 b - a potion of might {unknown}
 e - a potion of mutation
 g - a potion of haste
 h - 2 potions of degeneration {unknown}
 l - a potion of heal wounds {unknown}
 o - a potion of beneficial mutation {unknown}
Books
 c - a book of Minor Magic

   Spells                             Type                      Level
   a - Magic Dart                     Conjuration                  1
   b - Blink                          Translocation                2
   c - Call Imp                       Summoning                    2
   d - Repel Missiles                 Charms/Air                   2
   e - Slow                           Hexes                        2
   f - Conjure Flame                  Conjuration/Fire             3
   g - Mephitic Cloud                 Conjuration/Poison/Air       3
Comestibles
 d - 2 bread rations
 i - 2 chunks of flesh


   Skills:
 - Level 2.4 Dodging
 - Level 2.4 Stealth
 + Level 5.1 Spellcasting
 + Level 6.0 Conjurations
   Level 1.1 Summonings
 - Level 1.1 Translocations


You had 3 spell levels left.
You knew the following spells:

 Your Spells              Type           Power        Failure   Level  Hunger
a - Repel Missiles        Chrm/Air       #.....       14%         2    None
b - Blink                 Tloc           N/A          12%         2    None
e - Mephitic Cloud        Conj/Pois/Air  ###.....     14%         3    ##.....
s - Conjure Flame         Conj/Fire      ###.....     10%         3    ##.....
z - Magic Dart            Conj           ####         1%          1    None


Dungeon Overview and Level Annotations

Branches:
Dungeon (4/15)
 Temple: D:4-7

Altars:
Gozag
Hepliaklqana
Uskayaw

Shops:
D:2 *

Annotations:
D:4 Blork the orc, Edmund


Message History

Press: ? - help, Shift-Dir - straight line, f - Edmund
Aim: Edmund, wielding a flail of protection, wearing a chain mail and wearing a dented filigree amulet (flame, lightly wounded)
The magic dart hits Edmund.
Edmund is lightly wounded.
Edmund is engulfed in roaring flames.
Edmund hits you with a flail of protection!
* * * LOW HITPOINT WARNING * * *
Unknown command.
Casting: Magic Dart
Confirm with . or Enter, or press ? or * to list all spells.
Aiming: Mephitic Cloud
Press: ? - help, Shift-Dir - straight line, f/p - Edmund
Aim: Edmund, wielding a flail of protection, wearing a chain mail and wearing a dented filigree amulet (flame, heavily wounded) That beam is likely to hit you.
Continue anyway?
The ball explodes into a vile cloud!
The stinking cloud engulfs Edmund.
Edmund is heavily wounded.
The stinking cloud engulfs you!
The stinking cloud engulfs something.
Edmund is engulfed in roaring flames.
Edmund hits you with a flail of protection.
You die...

.#..# #.##.###.##....#.##
.#..####.##.###..........#
..)......................#
.........##.###..........#
##†...)..(..###.###.o.#.#
#............##.# #.....#
.....#######.##.# #...###
##...# #.##.####..####
.....#######...>@@§{.....#
###..##...>.....####..##.#
.............# #..##.#
#.##.#######.####..##.#
.## #.....###### #######


You could see Edmund.

Vanquished Creatures
  An ogre (D:4)
  Natasha (D:4)
  8 adders
  An ooze (D:3)
  2 worms
  A dart slug (D:1)
  3 giant geckos
  2 orcs (D:3)
  2 ball pythons
  A giant cockroach (D:3)
  3 goblins
  5 hobgoblins
  2 jackals (D:3)
  3 kobolds
  4 bats
  4 giant newts
  7 rats
50 creatures vanquished.

Notes
Turn   | Place    | Note
-------+----------+-------------------------------------------
     0 | D:1      | Amnesiac the Deep Elf Wizard began the quest for the Orb.
     0 | D:1      | Reached XP level 1. HP: 10/10 MP: 7/7
   197 | D:1      | Reached skill level 2 in Conjurations
   334 | D:2      | Reached XP level 2. HP: 15/15 MP: 6/9
   496 | D:3      | Reached skill level 3 in Conjurations
   659 | D:3      | Reached XP level 3. HP: 19/19 MP: 6/11
   664 | D:3      | Learned a level 3 spell: Conjure Flame
   668 | D:3      | Learned a level 3 spell: Mephitic Cloud
   671 | D:3      | Learned a level 2 spell: Repel Missiles
   674 | D:3      | Learned a level 2 spell: Blink
   888 | D:3      | Noticed an ice beast
  1196 | D:2      | Found Gozag's Platinum Reserve.
  1198 | D:2      | Found an opulent altar of Gozag.
  1322 | D:2      | Found a faded altar of an unknown god.
  1370 | D:2      | Reached skill level 4 in Conjurations
  1471 | D:2      | You fall through a shaft!
  1482 | D:3      | Reached XP level 4. HP: 21/24 MP: 4/12
  1728 | D:3      | Found a hazy altar of Hepliaklqana.
  1728 | D:3      | Found a hide-covered altar of Uskayaw.
  1754 | D:4      | Noticed an ogre
  1762 | D:4      | Killed an ogre
  1762 | D:4      | Reached skill level 5 in Conjurations
  1762 | D:4      | Reached XP level 5. HP: 28/28 MP: 5/13
  1913 | D:4      | Noticed Natasha
  1916 | D:4      | Killed Natasha
  1952 | D:4      | Reached skill level 6 in Conjurations
  1957 | D:4      | Reached skill level 5 in Spellcasting
  2108 | D:4      | Noticed Blork the orc
  2108 | D:4      | Noticed Edmund
  2133 | D:4      | Slain by Edmund

Vault maps used:
D:1:      mrwooster_arrival_statue_3, corexii_corridor_pit
D:2:      nicolae_gozag_zags_fifth_avenue, vehumet_crystals, ecumenical_altar_1,
          kennysheep_generic_room_4
D:3:      gammafunk_temple_overflow_elements, zin_angel, first_bread
D:4:      tgw_trog, saegor_snake_ambush, uniq_blork_the_orc, uniq_grinder,
          uniq_edmund, uniq_natasha

Skill      XL: |  1  2  3  4  5 |
---------------+----------------+-----
Conjurations   | 2 3 4 5 6 |  6.0
Spellcasting   | 5 |  5.1
Dodging        | |  2.4
Stealth        | |  2.4
Summonings     | |  1.1
Translocations | |  1.1

Action                   |  1- 3 |  4- 6 || total
-------------------------+-------+-------++-------
Melee: Unarmed           |     4 |     2 ||     6
 Cast: Magic Dart        |   101 |    54 ||   155
       Conjure Flame     |     2 |     2 ||     4
       Blink             |     2 |       ||     2
       Mephitic Cloud    |       |     2 ||     2
  Use: Potion            |     2 |       ||     2
       Scroll            |       |     2 ||     2
  Eat: Chunk             |     2 |     2 ||     4
Armor: Robe              |     7 |     1 ||     8
Dodge: Dodged            |    22 |     5 ||    27
